 Dungeon Crawl Stone Soup version 0.28.0-43-g3370ac3207 (webtiles) character file.

Game seed: 413752639115698395

1582 Sharkman1231 the Skirmisher (level 8, -14/61 (64) HPs)
             Began as a Demonspawn Wanderer on Mar 1, 2022.
             Killed from afar by a vampire mage (31 damage)
             ... with a bolt of negative energy
             ... on level 2 of the Abyss.
             The game lasted 00:10:02 (6685 turns).

Sharkman1231 the Skirmisher (Demonspawn Wanderer)   Turns: 6685, Time: 00:10:02

HP:   -14/61 (64)   AC: 19    Str: 10    XL:     8   Next: 60%
MP:   11/11         EV: 13    Int: 16    God:
Gold: 182           SH:  0    Dex: 15    Spells: 7/11 levels left

rFire   . . .      SeeInvis .   c - +2 dagger (venom)
rCold   + . .      Faith    .   (no shield)
rNeg    . . .      Spirit   .   A - +3 leather armour {Will+}
rPois   .          Reflect  .   (helmet restricted)
rElec   .          Harm     .   B - +0 cloak
rCorr   .          Rampage  .   (no gloves)
Will    +....                   x - +2 pair of boots
Stlth   +.........              v - amulet of regeneration
HPRegen 1.00/turn               o - ring of protection from cold
MPRegen 0.24/turn               (no ring)

@: mighty, brilliant, flayed, sanguine armoured, lightly drained
A: antennae 2, spiny 1, magic regeneration, sanguine armour 2
a: no special abilities


You were on level 2 of the Abyss.
You visited 1 branch of the dungeon, and saw 6 of its levels.
You visited the Abyss 1 time.

You collected 182 gold pieces.

Inventory:

Hand Weapons
 a - a +1 dagger of venom
 c - a +2 dagger of venom (weapon)
 l - a +0 dagger
Armour
 x - a +2 pair of boots (worn)
 A - a +3 leather armour of willpower (worn)
 B - a +0 cloak (worn)
Magical Staves
 k - a staff of poison
Jewellery
 o - a ring of protection from cold (left hand)
 v - an amulet of regeneration (around neck)
Wands
 i - a wand of charming (6)
 y - a wand of paralysis (4)
Scrolls
 b - 4 scrolls of teleportation
 g - a scroll of magic mapping {unknown}
 m - a scroll of fear {unknown}
 n - a scroll of immolation {unknown}
 p - a scroll of holy word {unknown}
 q - a scroll of fog {unknown}
 s - a scroll of noise {unknown}
 u - 2 scrolls of vulnerability {unknown}
 z - a scroll of enchant armour {unknown}
Potions
 e - a potion of heal wounds
 f - 3 potions of curing
 h - a potion of magic
 j - 3 potions of flight
 r - a potion of berserk rage
 t - a potion of cancellation
 w - a potion of brilliance
Miscellaneous
 d - a lightning rod (4/4)


   Skills:
 + Level 6.2 Fighting
 + Level 4.8 Short Blades
 + Level 4.8 Dodging
 - Level 2.0 Spellcasting
 + Level 5.8 Necromancy
 - Level 4.0 Evocations


You had 7 spell levels left.
You knew the following spells:

 Your Spells              Type           Power      Damage    Failure   Level
a - Pain                  Necr           100%       1d9       2%          1
b - Vampiric Draining     Necr           30%        2d8       8%          3

Your spell library contained the following spells:

 Spells                   Type           Power      Damage    Failure   Level
 Summon Small Mammal      Summ           8%         N/A       28%         1
 Agony                    Necr           30%        N/A       58%         5
 Call Canine Familiar     Summ           2%         N/A       63%         3
 Dazzling Flash           Conj/Hex       4%         N/A       63%         3
 Gell's Gravitas          Tloc           2%         N/A       63%         3
 Lesser Beckoning         Tloc           2%         N/A       63%         3
 Summon Guardian Golem    Hex/Summ       2%         N/A       63%         3
 Teleport Other           Tloc           2%         N/A       63%         3
 Silence                  Hex/Air        1%         N/A       100%        5


Dungeon Overview and Level Annotations

Branches:
Dungeon (6/15)             Temple (0/1) D:6

Altars:
Gozag

Shops:
D:2 :


Innate Abilities, Weirdness & Mutations

You have a pair of antennae on your head.
You are partially covered in sharp spines.
You regenerate magic rapidly.
When seriously injured, your blood forms thick armour. (AC +9)


Message History

No target in view!
Unknown command.
No target in view!
Found a gateway leading deeper into the Abyss.
A small abomination comes into view.
A vampire mage comes into view.
The vampire mage gestures wildly while chanting.
The small abomination is struck by your spines.
The small abomination hits you!
The flayed ghost cries, "Suffer as I suffered!"
Terrible wounds open up all over your body!
Your blood congeals into armour.
The flayed ghost stares at you with tortured malice.
Terrible wounds spread across more of your body!
The flayed ghost cries, "Suffer as I suffered!"
Terrible wounds spread across more of your body!
The small abomination is struck by your spines.
The small abomination barely misses you.
It was a potion of brilliance.
You feel clever all of a sudden.
The small abomination hits you but does no damage.
The flayed ghost cries, "Feel what I felt!"
Terrible wounds spread across more of your body!
The bunyip zombie barely misses you.
The bunyip zombie claws you but does no damage.
The bunyip zombie claws you.
* * * LOW HITPOINT WARNING * * *
It was a potion of might.
You feel very mighty all of a sudden.
The small abomination is struck by your spines.
The small abomination hits you but does no damage.
The flayed ghost cries, "Suffer as I suffered!"
Terrible wounds spread across more of your body!
* * * LOW HITPOINT WARNING * * *
The vampire mage casts a spell at you.
The bolt of negative energy hits the bunyip zombie.
The bunyip zombie completely resists.
The bolt of negative energy hits you!!
You feel drained.
Ouch! That really hurt!
You die...

...# ..#...##
....#
...#.....#..#..#
. # #.# ..#..
###### #. #
.#...##### # .
...#.#.###
#.....#..# ...
##....#..###...
#.@.Z.V##......
##.x#.#.#.#.....
#.........##..
#....#..Z......##
#####.#W......#.#
##.#..##...
###.#...#
{.{#.#... ###.Z.#
.


You could see a flayed ghost (summoned), a vampire mage, a small abomination, a
bunyip zombie (summoned) and a two-headed ogre skeleton (summoned).

Vanquished Creatures
  A shadow (D:5)
  Eustachio (D:5)
  An ice beast (D:6)
  A black bear (D:4)
  2 ogres
  A centaur (D:6)
  A phantom (D:4)
  2 kobold brigands (D:6)
  2 vampire bats (D:4)
  A bullfrog zombie (D:6)
  A centaur zombie (D:5)
  A jelly (D:6)
  A bullfrog skeleton (D:5)
  2 iguanas
  A killer bee zombie (D:6)
  2 hound skeletons (D:4)
  A hound zombie (D:5)
  Robin (D:2)
  A howler monkey skeleton (D:6)
  12 adders
  7 gnolls (D:5)
  A shadow imp (D:6)
  A white imp (D:5)
  An ufetubus (D:6)
  A worm (D:2)
  2 dart slugs
  7 orcs
  9 bats
  3 endoplasms
  3 giant cockroaches (D:1)
  13 goblins
  7 hobgoblins
  2 jackals (D:1)
  3 quokkas
  4 ball pythons
  3 frilled lizards
  14 kobolds
  9 rats
126 creatures vanquished.

Vanquished Creatures (others)
  2 fungi (D:4)
2 creatures vanquished.

Grand Total: 128 creatures vanquished

Notes
Turn   | Place    | Note
-------+----------+-------------------------------------------
     0 | D:1      | Sharkman1231 the Demonspawn Wanderer began the quest for
                  | the Orb.
     0 | D:1      | Sharkman1231 set off with the following items: a +0 dagger,
                  | a scroll of teleportation, a +0 robe, a lightning rod
                  | (4/4); and the following spell memorised: Pain; and the
                  | following spells available to memorise: Vampiric Draining
     0 | D:1      | Reached XP level 1. HP: 18/18 MP: 3/3
   406 | D:1      | Gained mutation: You regenerate magic rapidly. [demonic
                  | ancestry]
   406 | D:1      | Reached XP level 2. HP: 15/24 MP: 5/5
   972 | D:1      | Reached skill level 1 in Dodging
  1101 | D:1      | Reached skill level 1 in Short Blades
  1573 | D:2      | Noticed Robin
  1584 | D:1      | Gained mutation: When seriously injured, your blood forms
                  | armour. (AC +9) [demonic ancestry]
  1584 | D:1      | Reached XP level 3. HP: 28/29 MP: 6/6
  2012 | D:2      | Killed Robin
  2816 | D:2      | Found an opulent altar of Gozag.
  2924 | D:2      | Found Ucyoneyn's Book Shoppe.
  2931 | D:2      | Gained mutation: You have a pair of small antennae on your
                  | head. [demonic ancestry]
  2931 | D:2      | Reached XP level 4. HP: 32/36 MP: 7/7
  3000 | D:2      | Identified the +4 hand axe of Sin {vamp, rC+ Str-2 Int+3
                  | Dex+2}
  3833 | D:3      | Found a faded altar of an unknown god.
  3970 | D:3      | Gained mutation: You have a pair of antennae on your head.
                  | [demonic ancestry]
  3970 | D:3      | Reached XP level 5. HP: 36/42 MP: 8/8
  4593 | D:4      | Found an opulent altar of Gozag.
  4608 | D:4      | Noticed an ogre
  4611 | D:4      | Noticed a phantom
  4672 | D:3      | Killed an ogre
  4673 | D:3      | Reached skill level 4 in Fighting
  4732 | D:4      | Killed a phantom
  4733 | D:4      | Gained mutation: You are partially covered in sharp spines.
                  | [demonic ancestry]
  4733 | D:4      | Reached XP level 6. HP: 25/49 MP: 9/9
  4819 | D:4      | Learned a level 3 spell: Vampiric Draining
  5143 | D:4      | Gained mutation: When seriously injured, your blood forms
                  | thick armour. (AC +9) [demonic ancestry]
  5143 | D:4      | Reached XP level 7. HP: 48/55 MP: 10/10
  5261 | D:5      | Entered Level 5 of the Dungeon
  5287 | D:5      | Noticed Eustachio
  5382 | D:5      | Killed Eustachio
  5383 | D:5      | Reached skill level 5 in Fighting
  5550 | D:5      | Noticed a shadow
  5553 | D:5      | Killed a shadow
  5623 | D:5      | Reached XP level 8. HP: 38/63 MP: 11/11
  5705 | D:5      | Reached skill level 5 in Necromancy
  6292 | D:6      | Reached skill level 6 in Fighting
  6474 | D:6      | Found a staircase to the Ecumenical Temple.
  6603 | D:6      | Cast into level 2 of the Abyss (kobold brigand)
  6633 | Abyss:2  | Noticed a large abomination
  6675 | Abyss:2  | Noticed a vampire mage
  6677 | Abyss:2  | Noticed a flayed ghost
  6685 | Abyss:2  | Killed from afar by a vampire mage

Illustrated notes

Levels and vault maps discovered:
D:1:      saegor_arrival_under_anarchy, layout_basic, chequers_jeans,
          serial_bayou_pond_c, lemuel_old_faithful
D:2:      layout_loops_corners, basic_altar, serial_shops, nicolae_shop_stone,
          uniq_robin
D:3:      layout_basic, shapermc_ecumenical_altar_hornbeckon,
          grunt_decor_fettered, chequers_serial_rivers_large_a
D:4:      layout_gridville, mainiacjoe_overflow_cross_hatched, roderic_batcave
D:5:      layout_basic, uniq_eustachio
D:6:      old_forge, layout_loops_ring, minmay_temple_entry_waves,
          kennysheep_generic_room_7
Abyss:2:  base: D:4, base: D:6, due_exit_kobolds

Skill      XL: |  1  2  3  4  5  6  7  8 |
---------------+-------------------------+-----
Dodging        | 1 2 3 4 |  4.8
Short Blades   | 1 2 3 4 |  4.8
Necromancy     | 2 3 4 5 |  5.8
Fighting       | 4 5 6 |  6.2
Spellcasting   | |  2.0
Evocations     | |  4.0

Action                   |  1- 3 |  4- 6 |  7- 9 || total
-------------------------+-------+-------+-------++-------
Melee: Dagger            |   183 |   129 |   182 ||   494
       Punch             |     3 |       |     2 ||     5
Evoke: Lightning rod     |       |       |     2 ||     2
  Use: Scroll            |       |       |     5 ||     5
       Potion            |       |       |     2 ||     2
 Stab: Sleeping          |     3 |     2 |       ||     5
Armor: Robe              |    43 |       |       ||    43
       Animal skin       |     2 |    27 |    12 ||    41
       Leather armour    |       |       |    47 ||    47
Dodge: Dodged            |   110 |    89 |   133 ||   332
